FIQ, neutral male scurrid Tourist ----------- ..u...... |e....------- |.xr..........| |..D..| ----- |.....| ---.|.- .|.. --- | ^ FIQ the Rambler Experience level: 1 Strength: 11 Dexterity: 12 Constitution: 14 Intelligence: 14 Wisdom: 11 Charisma: 13 Health: 0(9) Energy: 2(2) Def: 0 Gold: 142 Moves: 496 Dungeon seed: _SyKSP5vKEVUAkFE Game ID: FIQ_1498600611 Your Inventory: Coins $ - 142 gold pieces Weapons a - 41 uncursed +2 darts (in quiver) Armor e - an uncursed +0 Hawaiian shirt (being worn) Comestibles b - 4 uncursed food rations c - 2 uncursed eggs d - 2 uncursed apples f - an uncursed pancake g - an uncursed lembas wafer Scrolls j - 4 uncursed scrolls of magic mapping Potions h - an uncursed potion of extra healing i - a blessed potion of extra healing Wands m - an uncursed wand of secret door detection (0:12) Tools k - an uncursed expensive camera (0:46) l - an uncursed credit card n - an uncursed oil lamp (0:1311) Spells and supernatural/magical abilities: Name Level Category Fail Memory W - pray for help -- divine ? -- Your skills at the end: Miscellaneous Skills wands [Basic] Weapon Skills dart [Basic] Spellcasting Skills Final Attributes: You were devoutly aligned. You had infravision. You were very stealthy. You are dead. Vanquished creatures: 2 yellow lights a gas spore 6 giant rats a garter snake 2 newts a bat a lichen 4 humans 18 creatures vanquished. Voluntary challenges: You went without food. You did not adorn yourself with jewelry or accessories. You did not cause conflict. You were not invisible. You did not have reflection. You were not displaced. You never hit with a wielded weapon. You were a pacifist. You did not use tools. You did not use plumbed fixtures. You did not drink any magical draughts. You were illiterate. You never genocided any monsters. You never polymorphed an object. You never changed form. You used no wishes. You never split a pudding. You never wrote Elbereth's name. You never violated your personal moral code. Dungeon overview: The Dungeons of Doom: levels 1 to 30 Level 1 a long staircase Level 2 Level 3 Level 4 a fountain Level 5 Level 6 Level 7 a fountain Level 8 Level 9 Level 10 Level 11 Level 12 Level 13 Level 14 Level 15 Level 16 Level 17 Level 18 Level 19 Level 20 Level 21 Level 22 Level 23 Level 24 Level 25 Level 26 Level 27 Level 28 Level 29 <- You were here Level 30 some sinks History has recorded: On T:1 you entered the Dungeons of Doom to retrieve the Amulet of Yendor! On T:4 you reached level 2 of The Dungeons of Doom. On T:6 you reached level 3 of The Dungeons of Doom. On T:8 you reached level 4 of The Dungeons of Doom. On T:10 you reached level 5 of The Dungeons of Doom. On T:13 you reached level 6 of The Dungeons of Doom. On T:15 you reached level 7 of The Dungeons of Doom. On T:17 you reached level 8 of The Dungeons of Doom. On T:19 you reached level 9 of The Dungeons of Doom. On T:22 you reached level 10 of The Dungeons of Doom. On T:25 you reached level 11 of The Dungeons of Doom. On T:28 you reached level 12 of The Dungeons of Doom. On T:30 you reached level 13 of The Dungeons of Doom. On T:32 you reached level 14 of The Dungeons of Doom. On T:34 you reached level 15 of The Dungeons of Doom. On T:37 you reached level 16 of The Dungeons of Doom. On T:39 you reached level 17 of The Dungeons of Doom. On T:39 you entered the Rogue tribute level. On T:41 you reached level 18 of The Dungeons of Doom. On T:43 you reached level 19 of The Dungeons of Doom. On T:47 you reached level 20 of The Dungeons of Doom. On T:49 you reached level 21 of The Dungeons of Doom. On T:52 you reached level 22 of The Dungeons of Doom. On T:54 you reached level 23 of The Dungeons of Doom. On T:56 you reached level 24 of The Dungeons of Doom. On T:58 you reached level 25 of The Dungeons of Doom. On T:61 you reached level 26 of The Dungeons of Doom. On T:63 you reached level 27 of The Dungeons of Doom. On T:65 you reached level 28 of The Dungeons of Doom. On T:69 you reached level 29 of The Dungeons of Doom. On T:71 you reached The Castle. On T:475 you prayed to The Lady. Score breakdown: Gold: 0 ( 0 points) Experience: 1 level ( 0 points) Exploration: 30 levels ( 870 points) Discoveries: 0 items ( 0 points) Variety of kills: 8 monsters ( 400 points) Major goal: (nothing yet) ( 0 points) Survival: died (score multiplied by 3) Total score: 3810 Latest messages: Aloha FIQ, the scurrid Tourist, welcome back to NetHack! You start digging downward. The ground here is too hard to dig in. You hurt your teeth on the hard stone. (2x) You begin praying to The Lady. You are surrounded by a shimmering light. You hear a slow drip. You feel that The Lady is well-pleased. Your surroundings change. The mind flayer concentrates. You sense a faint wave of psychic energy. You hear a slurping sound. You sense a faint wave of psychic energy. The red dragon bites! You die... Final status: Aloha FIQ the Tourist, killed by a red dragon... You died in The Dungeons of Doom on dungeon level 29 with 3810 points, and 142 pieces of gold, after 496 moves. You were level 1 with a maximum of 9 hit points when you died.